 Dungeon Crawl Stone Soup version 0.28-a0-796-gd4f0d3f9b2 (webtiles) character file.

Game seed: 17622242416219967265

6 crocop the Insei (level 1, -3/15 HPs)
             Began as a Merfolk Transmuter on Nov 6, 2021.
             Slain by a gnoll (8 damage)
             ... on level 1 of the Dungeon.
             The game lasted 00:14:52 (591 turns).

crocop the Insei (Merfolk Transmuter)                Turns: 591, Time: 00:14:53

Health: -3/15      AC:  2    Str: 10    XL:     1   Next: 90%
Magic:  3/3        EV: 12    Int: 12    God:
Gold:   0          SH:  0    Dex: 14    Spells: 3/4 levels left

rFire   . . .      SeeInvis .     - Unarmed
rCold   . . .      Faith    .   (no shield)
rNeg    . . .      Spirit   .   a - +0 robe
rPois   .          Reflect  .   (no helmet)
rElec   .          Harm     .   (no cloak)
rCorr   .          Rampage  .   (no gloves)
Will    .....                   (no boots)
Stlth   +.........              (no amulet)
HPRegen 0.05/turn               (no ring)
MPRegen 0.08/turn               (no ring)

@: no status effects
A: (nimble swimmer 2), mertail
a: no special abilities


You were on level 1 of the Dungeon.
You visited 1 branch of the dungeon, and saw 1 of its levels.

Inventory:

Armour
 a - a +0 robe (worn)


   Skills:
 + Level 1.1 Fighting
 + Level 2.7 Dodging
 + Level 3.6 Unarmed Combat
 + Level 2.0 Spellcasting
 + Level 2.7 Transmutations


You had 3 spell levels left.
You knew the following spells:

 Your Spells              Type           Power      Damage    Failure   Level
a - Beastly Appendage     Tmut           14%        N/A       9%          1

Your spell library contained the following spells:

 Spells                   Type           Power      Damage    Failure   Level
 Wereblood                Tmut           7%         N/A       13%         2
 Spider Form              Tmut/Pois      4%         N/A       43%         3
 Ice Form                 Ice/Tmut       4%         N/A       83%         4


Dungeon Overview and Level Annotations

Branches:
Dungeon (1/15)

Altars:


Innate Abilities, Weirdness & Mutations

((You are quick and stealthy near water. (Stealth+, EV+, Speed+++)))
Your lower body shifts to a powerful aquatic tail in water.


Message History

Things that are here:
a +0 club; 2 stones; a kobold skeleton The kobold barely misses you.
Things that are here:
a +0 club; 3 stones; a ball python skeleton
Things that are here:
a +0 club; 2 stones
Things that are here:
a +0 club; 3 stones
Things that are here:
a +0 club; 2 stones
Things that are here:
a +0 club; 3 stones
Things that are here:
a +0 club; 2 stones
Things that are here:
a +0 club; 3 stones
Things that are here:
a +0 club; 2 stones
Things that are here:
a +0 club; 3 stones
Things that are here:
a +0 club; 2 stones
Things that are here:
a +0 club; 3 stones
Things that are here:
a +0 club; 2 stones You hit the kobold.
You kill the kobold!
The gnoll barely misses you. The gnoll hits you with a +0 spear.
Items here: ( )) †.
You barely miss the gnoll. The gnoll barely misses you.
You hit the gnoll but do no damage. The gnoll hits you with a +0 spear.
You barely miss the gnoll. The gnoll hits you with a +0 spear.
You hit the gnoll. Your punch misses the gnoll.
The gnoll is moderately wounded.
The gnoll hits you with a +0 spear!
Ouch! That really hurt!
You die...

..... #....# .......
#....# ........
.#####....#### ........
.............## ......##
...............
##.....##..#####........
#.......# ####>.........
#......(###............#
#........@g.###.........
##.....###### #......(..
##.........####.......##
#.......##.g............
#.................##....
#...##'''##...###.# #.##
##..#.....#..### .# .#
##.#.....#..... ##
#.#..<..#.#.##


You could see a gnoll.

Vanquished Creatures
  2 ball pythons (D:1)
  An endoplasm (D:1)
  3 kobolds (D:1)
6 creatures vanquished.

Notes
Turn   | Place    | Note
-------+----------+-------------------------------------------
     0 | D:1      | crocop the Merfolk Transmuter began the quest for the Orb.
     0 | D:1      | Reached XP level 1. HP: 15/15 MP: 3/3
   591 | D:1      | Slain by a gnoll

Illustrated notes

Levels and vault maps discovered:
D:1:      dpeg_arrival_windows_large_door, layout_rooms, basic_ecumenical_altar

Action                   || total
-------------------------++-------
Melee: Unarmed           ||    28
 Cast: Beastly Appendage ||     1
 Abil: End Transformatio ||     1
Armor: Robe              ||     4
Dodge: Dodged            ||    16

Table legend: (Time is in decaauts)
 A = Elapsed time spent in this place.
 B = Non-inter-level travel time spent in this place.
 C = Inter-level travel time spent in this place.
 D = Time resting spent in this place.
 E = Time spent auto-exploring this place.
 F = Levels seen in this place.
 G = Mean time per level.
                   A        B        C        D        E       F      G
               +--------+--------+--------+--------+--------+-----+--------+
         Total |    589 |    589 |      0 |      0 |      0 |   1 |  589.0 |
       Dungeon |    589 |    589 |      0 |      0 |      0 |   1 |  589.0 |
               +--------+--------+--------+--------+--------+-----+--------+

Top non-repeatable levels by time:
     D:1: 589 daAuts
